 Dungeon Crawl Stone Soup version 0.29.1-12-g30fa7ad0bf (webtiles) character file.

Game seed: 3117855752277835478

84 112233 the Gusty (level 4, 0/24 HPs)
             Began as a Tengu Air Elementalist on Dec 22, 2022.
             Slain by a gnoll
             ... wielding a +0 whip
              (2 damage)
             ... on level 5 of the Dungeon.
             The game lasted 00:02:23 (3374 turns).

112233 the Gusty (Tengu Air Elementalist)           Turns: 3374, Time: 00:02:23

Health: 0/24       AC:  2    Str:  8    XL:     4   Next: 45%
Magic:  8/8        EV: 12    Int: 18    God:
Gold:   80         SH:  0    Dex: 14    Spells: 1/7 levels left

rFire   . . .      SeeInvis .   k - +0 dagger (pain)
rCold   . . .      Faith    .   (no shield)
rNeg    . . .      Spirit   .   a - +0 robe
rPois   .          Reflect  .   (helmet restricted)
rElec   .          Harm     .   (no cloak)
rCorr   .          Rampage  .   (no gloves)
Will    .....                   (boots unavailable)
Stlth   ++........              (no amulet)
HPRegen 0.08/turn               (no ring)
MPRegen 0.11/turn               (no ring)

@: no status effects
A: beak, talons 3
a: no special abilities


You were on level 5 of the Dungeon.
You visited 1 branch of the dungeon, and saw 5 of its levels.

You collected 80 gold pieces.

Inventory:

Hand Weapons
 k - a +0 dagger of pain (weapon)
Armour
 a - a +0 robe (worn)
 g - a +0 helmet
Scrolls
 e - 6 scrolls of identify {unknown}
 f - 2 scrolls of teleportation {unknown}
 h - a scroll of immolation {unknown}
Potions
 b - a potion of magic
 c - 2 potions of cancellation {unknown}
 d - a potion of lignification {unknown}
 i - a potion of curing {unknown}
 j - a potion of haste {unknown}
 l - a potion of degeneration {unknown}
 m - a potion of might {unknown}
 n - 2 potions of heal wounds {unknown}


   Skills:
 - Level 2.1 Dodging
 - Level 2.0 Stealth
 - Level 2.0 Spellcasting
 - Level 1.3 Conjurations
 + Level 6.8 Air Magic


You had one spell level left.
You knew the following spells:

 Your Spells              Type           Power      Damage    Failure   Level
a - Shock                 Conj/Air       64%        1d7       3%          1
b - Static Discharge      Conj/Air       16%        3-5/arc   4%          2
c - Swiftness             Air            26%        N/A       3%          3

Your spell library contained the following spells:

 Spells                   Type           Power      Damage    Failure   Level
 Airstrike                Air            13%        2d(2-18)  11%         4
 Dazzling Flash           Conj/Hex       8%         N/A       38%         3
 Silence                  Hex/Air        7%         N/A       77%         5
 Agony                    Necr           1%         N/A       99%         5


Dungeon Overview and Level Annotations

Branches:
Dungeon (5/15)
 Temple: D:4-7

Altars:
Gozag

Shops:
D:1 [

Annotations:
D:3 1 runed translucent door, Crazy Yiuf
D:5 exclusion: upstairs


Innate Abilities, Weirdness & Mutations

You have a beak for a mouth.
You have claws for feet.


Message History

Confirm with . or Enter, or press ? or * to list all spells.
Aiming: Shock (safe; 3% risk of failure)
Press: ? - help, Shift-Dir - straight line, f - dart slug
Aim: a dart slug (100% to hit)
The zap hits the dart slug.
The dart slug is moderately wounded.
Casting: Shock (safe; 3% risk of failure)
Confirm with . or Enter, or press ? or * to list all spells.
Aiming: Shock (safe; 3% risk of failure)
Press: ? - help, Shift-Dir - straight line, f/p - dart slug
Aim: a dart slug (moderately wounded, 100% to hit)
The zap hits the dart slug!
You kill the dart slug!
Unknown command.
You start resting.
An ice beast comes into view.
An ice beast is nearby!
An ice beast is nearby!
A gnoll comes into view. It is wielding a +0 whip.
As you open the door, it creaks loudly!
You hear a shout!
An ice beast is nearby!
You close the door.
Unknown command.
You open the door. The gnoll hits you with a +0 whip.
There is an open door here.
The gnoll attacks as you move away! The gnoll hits you with a +0 whip.
Found 8 gold pieces.
The gnoll attacks as you move away! The gnoll misses you.
The gnoll attacks as you move away! The gnoll hits you with a +0 whip.
Found a stone staircase leading up.
The gnoll attacks as you move away! The gnoll hits you with a +0 whip.
Found a fizzy dark potion.
Found a ring mail.
The gnoll hits you with a +0 whip.
* * * LOW HITPOINT WARNING * * *
The gnoll attacks as you move away! The gnoll hits you with a +0 whip.
* * * LOW HITPOINT WARNING * * *
There is a stone staircase leading up here.
The gnoll hits you with a +0 whip.
You die...

#####.....###..#.##
...... g.....#.##
+##+#[...# ........
....!....#
#.#.##.##
.........# #.#....#
........# #.#.##.##
#....# #.#.##.'.
#....#####.#.##.##
#@gY....$..#.<#.#
#######^........##
#...........
#..........#
+..........'
#..........#
............#
.............#
+.............#


You could see an ice beast and a gnoll.

Vanquished Creatures
  2 gnolls (D:5)
  3 dart slugs
  8 orcs
  A bat (D:2)
  An endoplasm (D:3)
  5 giant cockroaches
  2 goblins
  6 hobgoblins
  3 jackals (D:3)
  3 ball pythons
  9 kobolds
  3 rats
46 creatures vanquished.

Notes
Turn   | Place    | Note
-------+----------+-------------------------------------------
     0 | D:1      | 112233 the Tengu Air Elementalist began the quest for the
                  | Orb.
     0 | D:1      | Reached XP level 1. HP: 10/10 MP: 4/4
   141 | D:1      | Found a faded altar of an unknown god.
   443 | D:1      | Found Xeecw's Antique Armour Shop.
   567 | D:1      | Reached XP level 2. HP: 15/15 MP: 0/6
   926 | D:2      | Reached skill level 5 in Air Magic
  1509 | D:3      | Reached XP level 3. HP: 16/19 MP: 0/7
  2251 | D:3      | Reached skill level 6 in Air Magic
  2406 | D:3      | Learned a level 2 spell: Static Discharge
  2410 | D:3      | Learned a level 3 spell: Swiftness
  2442 | D:3      | Found a runed translucent door.
  2443 | D:3      | Noticed Crazy Yiuf
  3096 | D:4      | Reached XP level 4. HP: 24/24 MP: 4/8
  3183 | D:4      | Noticed an ogre
  3210 | D:5      | Entered Level 5 of the Dungeon
  3218 | D:5      | Found an opulent altar of Gozag.
  3222 | D:5      | Noticed an ice beast
  3322 | D:5      | Noticed an ice beast
  3374 | D:5      | Slain by a gnoll

Illustrated notes

Levels and vault maps discovered:
D:1:      tarquinn_simple_flora_water_a, layout_loops_ring, serial_shops,
          nicolae_shop_behind_doors, shapermc_ecumenical_altar_venn
D:2:      layout_basic, minmay_distorted
D:3:      layout_rooms, uniq_crazy_yiuf_cottage
D:4:      minmay_goblin_kobold_castle, layout_cave_pools, ebering_ghost_sewer_d,
          uniq_ijyb, uniq_natasha
D:5:      layout_basic, lemuel_doored_altar

Skill      XL: |  1  2  3 |
---------------+----------+-----
Air Magic      | 5 6 |  6.8
Dodging        | |  2.1
Stealth        | |  2.0
Spellcasting   | |  2.0
Conjurations   | |  1.3

Action                   |  1- 3 |  4- 6 || total
-------------------------+-------+-------++-------
Melee: Unarmed           |     6 |       ||     6
       Kick              |     2 |       ||     2
       Peck              |     1 |       ||     1
       Dagger            |     5 |       ||     5
 Cast: Shock             |    96 |    15 ||   111
       Static Discharge  |     2 |       ||     2
Armor: Robe              |     5 |       ||     5
Dodge: Dodged            |    20 |     2 ||    22
